 Dungeon Crawl Stone Soup version 0.31-a0-833-gc15d34cb79 (webtiles) character file.

Game seed: 14362964220796247036

125695 croobank the Unseen (level 16, -10/82 HPs)
             Began as a Spriggan Delver on Sept 25, 2023.
             Was the Champion of Lugonu.
             Mangled by a small abomination (22 damage)
             ... summoned by Lugonu's corruption
             ... on level 14 of the Dungeon.
             The game lasted 03:01:05 (32111 turns).

croobank the Unseen (Spriggan Delver)              Turns: 32111, Time: 03:01:06

Health: -10/82     AC: -3    Str: 14    XL:     16   Next: 42%
Magic:  20/35      EV: 28    Int: 19    God:    Lugonu [******]
Gold:   1200       SH:  5    Dex: 23    Spells: 16/44 levels left

rFire   + . .        H - +3 dagger (venom)
rCold   . . .        M - +0 buckler
rNeg    . . .        u - +0 troll leather armour
rPois   +            o - +2 hat
rElec   +            (no cloak)
rCorr   .            (gloves unavailable)
SInv    +            (boots unavailable)
Will    +....        (no amulet)
Stlth   +++++++      C - ring "Kaoxud" {rElec rF+ Str+6 Slay+3}
HPRegen 1.13/turn    N - ring of Kibef {rPois Dex+6 Stlth+}
MPRegen 0.24/turn

%: no passive effects
@: mighty, weak-willed, corroded, slowed, quick
A: very small, no large weapons, unfitting armour, see invisible, speed 3
a: Renounce Religion, Depart the Abyss, Banish, Corrupt, Enter the Abyss, Brand
Weapon With Distortion


You were on level 14 of the Dungeon.
You worshipped Lugonu.
Lugonu was exalted by your worship.
You visited 5 branches of the dungeon, and saw 23 of its levels.
You also visited: Gauntlet.

You collected 2550 gold pieces.
You spent 1350 gold pieces at shops.

Inventory:

Hand Weapons
 a - the +5 dagger of Light {venom, rC+}
   (You found it on level 3 of the Dungeon)

   rC+:       It protects you from cold.
 e - a +4 scimitar of flaming
 k - the +5 whip "Ufollul" {vamp, rF+}
   (You found it on level 3 of the Lair of Beasts)

   rF+:       It protects you from fire.
 H - a +3 dagger of venom (weapon)
Missiles
 r - 9 silver javelins
 y - 4 boomerangs
 B - 4 atropa-tipped darts
 I - 29 poisoned darts
 L - 3 curare-tipped darts (quivered)
 Y - 5 darts of dispersal
Armour
 o - a +2 hat (worn)
 u - a +0 troll leather armour (worn)
 M - a +0 buckler (worn)
Magical Staves
 n - a staff of poison
 Q - a staff of air
Jewellery
 C - the ring "Kaoxud" (left hand) {rElec rF+ Str+6 Slay+3}
   (You acquired it in a Gauntlet)

   [ring of strength]

   Str+6:     It affects your strength (+6).
   Slay+3:    It affects your accuracy & damage with ranged weapons and melee
   (+3).
   rF+:       It protects you from fire.
   rElec:     It insulates you from electricity.
 J - a ring of flight
 N - the ring of Kibef (right hand) {rPois Dex+6 Stlth+}
   (You bought it in a shop on level 5 of the Dungeon)

   [ring of dexterity]

   Dex+6:     It affects your dexterity (+6).
   rPois:     It protects you from poison Stlth+: It makes you more stealthy.
 P - a +4 ring of protection
 W - a ring of protection from cold
Talismans
 p - a flux talisman
 t - a blade talisman
 w - a maw talisman
 E - a beast talisman
Wands
 b - a wand of light (4)
 g - a wand of digging (9)
 z - a wand of flame (42)
 D - a wand of polymorph (13)
 K - a wand of charming (12)
 S - a wand of mindburst (17)
Scrolls
 c - 5 scrolls of fog
 d - 4 scrolls of revelation
 f - a scroll of blinking
 j - 3 scrolls of amnesia
 m - 10 scrolls of teleportation
 R - 4 scrolls of vulnerability
 T - 2 scrolls of poison
 U - a scroll of fear
 X - 5 scrolls of identify
Potions
 h - a potion of mutation
 i - 3 potions of magic
 l - 2 potions of attraction
 q - 4 potions of lignification
 s - 3 potions of brilliance
 v - 3 potions of enlightenment
 x - a potion of cancellation
 F - a potion of curing
Miscellaneous
 A - a phantom mirror
 V - a box of beasts
 Z - a condenser vane (inert)


   Skills:
 + Level 8.6 Fighting
 + Level 10.6 Short Blades
 + Level 12.3 Dodging
 + Level 15.7 Stealth
 * Level 14.8 Spellcasting
 + Level 8.0 Hexes
 * Level 11.7 Summonings
 + Level 5.6 Fire Magic
 + Level 6.5 Invocations


You had 16 spell levels left.
You knew the following spells:

 Your Spells              Type           Power      Damage    Failure   Level
a - Summon Small Mammal   Summ           100%       N/A       1%          1
b - Scorch                Fire           70%        2d7       1%          2
c - Call Canine Familiar  Summ           56%        N/A       1%          3
d - Summon Guardian Gole  Hex/Summ       51%        N/A       1%          3
e - Summon Cactus Giant   Summ           28%        N/A       10%         6
f - Dazzling Flash        Conj/Hex       58%        N/A       4%          3
g - Frozen Ramparts       Ice            28%        1d5       24%         3
h - Summon Hydra          Summ           28%        N/A       45%         7

Your spell library contained the following spells:

 Spells                   Type           Power      Damage    Failure   Level
 Jinxbite                 Hex            88%        N/A       1%          2
 Tukima's Dance           Hex            44%        N/A       1%          3
 Ensorcelled Hibernation  Hex/Ice        58%        N/A       2%          2
 Animate Armour           Summ/Erth      72%        N/A       7%          4
 Freeze                   Ice            56%        1d7       8%          1
 Sting                    Tmut/Pois      56%        1d5       8%          1
 Volatile Blastmotes      Fire/Tloc      48%        2d14      8%          3
 Ignite Poison            Fire/Tmut/Pois 21%        N/A       11%         3
 Blink                    Tloc           28%        N/A       12%         2
 Cigotuvi's Dreadful Rot  Necr/Pois/Air  28%        N/A       12%         2
 Poisonous Vapours        Pois/Air       28%        N/A       12%         2
 Sublimation of Blood     Necr           14%        N/A       12%         2
 Wereblood                Tmut           14%        N/A       12%         2
 Anguish                  Hex/Necr       14%        N/A       14%         4
 Hailstorm                Conj/Ice       14%        3d5       24%         3
 Stone Arrow              Conj/Erth      28%        3d8       24%         3
 Flame Wave               Conj/Fire      24%        2d8       24%         4
 Yara's Violent Unravell  Hex/Tmut       14%        3d7       38%         5
 Manifold Assault         Tloc           14%        N/A       61%         4
 Olgreb's Toxic Radiance  Pois           14%        N/A       61%         4
 Passage of Golubria      Tloc           14%        N/A       61%         4
 Freezing Cloud           Conj/Ice/Air   7%         6-21      91%         5
 Irradiate                Conj/Tmut      7%         3d14      91%         5
 Starburst                Conj/Fire      12%        6d5       98%         6
 Lehudib's Crystal Spear  Conj/Erth      7%         10d3      100%        8
 Maxwell's Capacitive Co  Air            7%         ∞         100%        8


Dungeon Overview and Level Annotations

Branches:
Dungeon (14/15)            Temple (1/1) D:7            Lair (5/5) D:11
 Shoals (0/4) Lair:2       Spider (0/4) Lair:2        Slime (1/5) Lair:4
    Orc (2/2) D:11            Elf (0/3) Orc:2       Gauntlet (visited)
 Vaults: D:13-14

Altars:
Ashenzari
Cheibriados
Dithmenos
Elyvilon
Fedhas
Gozag
Hepliaklqana
Kikubaaqudgha
Makhleb
Nemelex Xobeh
Okawaru
Qazlal
Ru
Sif Muna
Trog
Uskayaw
Vehumet
Wu Jian
Xom
Yredelemnul
Zin
The Shining One
Lugonu

Shops:
D:5 =   D:7 :   Orc:1 *   Orc:2 !([*

Portals:
Trove: D:11 (give 4 scrolls of blinking)

Annotations:
D:3 3 runed translucent doors, DApurpleWHUMPUS's ghost, amateur HuCj; bahustanut's ghost, amateur OpEE; knightboat's ghost, amateur OpVM
D:14 corrupted
Lair:1 2 transporters, lunkers's ghost, novice MeSh
Lair:2 exclusion: oklob plant
Orc:1 2 transporters
Orc:2 corrupted


Innate Abilities, Weirdness & Mutations

You are very small and have problems with some larger weapons.
You are too small for most types of armour.
You have supernaturally acute eyesight. (SInv)
You cover ground extremely quickly. (Speed+++)


Message History

The hell hound bites the wraith but does no damage.
The wraith hits the large abomination.
The orange demon stings the freezing wraith from afar.
The neqoxec gestures at your cactus giant.
Your cactus giant twists and deforms.
The large abomination hits the wraith!!
The small abomination completely misses the wraith.
The small abomination hits the freezing wraith!!
The neqoxec hits the wraith!
Tentacles burst from the starspawn's body!
The orange demon stings the freezing wraith but does no damage.
The small abomination hits the freezing wraith but does no damage.
The iron imp completely misses you. 2 starspawn tentacles come into view.
The starspawn tentacle refuses to make way for you. (Use ctrl+direction or * direction to attack.) Unknown command.
The hell hound bites the wraith but does no damage.
The freezing wraith hits the small abomination.
The freezing wraith freezes the small abomination!
The freezing wraith hits the small abomination but does no damage.
The small abomination closely misses the freezing wraith.
The wraith hits the large abomination.
The neqoxec hits the wraith!
The wraith is destroyed!
The large abomination barely misses the freezing wraith.
The orange demon stings the freezing wraith from afar.
The smoke demon gestures at the hell hound.
The ball of steam hits the hell hound.
The hell hound resists.
The orange demon barely misses the freezing wraith.
The small abomination hits the freezing wraith!!
The freezing wraith is destroyed!
The large abomination hits something!!
The orange demon misses you. The orange demon completely misses you.
The large abomination closely misses you.
The thrashing horror misses you.
The thrashing horror completely misses you.
The large abomination is engulfed in a cloud of scalding steam.
The small abomination hits you!
* * * LOW HITPOINT WARNING * * *
The small abomination hits you!!
You die...

######..#####..###
#.................
#.................
##########..##### #..#
#####..## ..#
######..##...# #J.###
#.....#....§§# ♣....P
#...#.#@.#X§# .~~~~♣
#..3x.4x.3§.## #♣~~~..
#..X4xX#3X§§.# #.~c~~.
#..5..X°3h).######J.~~~.
#...GxXX.#...........~.P
#....=...............##.
#.#...○.....#.#####.....
###.#.####..### #..###
#.### #.... #..#


You could see a neutral tentacled starspawn (summoned, wandering), 2 neutral
orange demons, 2 neutral thrashing horrors, 2 neutral large abominations, 2
neutral smoke demons, 2 neutral neqoxecs, a neutral hell hound (summoned,
wandering), 4 neutral small abominations, a neutral iron imp (summoned,
wandering) and a neutral golden eye (summoned, wandering).

Vanquished Creatures
  An acid blob (Slime:1)
  Gastronok (Lair:3)
  3 hydras
  A centaur warrior (D:13)
  4 two-headed ogres
  Erica (Lair:2)
  5 death yaks
  3 boulder beetles
  A soul eater (D:14)
  A fire crab (Gauntlet)
  A glowing orange brain (Gauntlet)
  A phantasmal warrior (D:14)
  7 nameless horrors
  3 orc sorcerers
  2 cyclopes
  An ugly thing (D:13)
  9 elephants
  3 black mambas
  A torpor snail (Lair:4)
  12 cane toads
  Jeremiah (D:6)
  A rime drake (Lair:3)
  2 tengu conjurers (Gauntlet)
  3 kobold demonologists
  5 komodo dragons
  A polar bear (Lair:4)
  A red devil (D:14)
  8 trolls
  A hellwing (D:14)
  A hornet (D:10)
  11 blink frogs
  A tyrant leech (Lair:5)
  3 dream sheep (Lair:4)
  5 slime creatures
  A wraith (D:7)
  2 shadows
  A fire bat (Gauntlet)
  4 wyverns
  14 yaks
  10 vampire mosquitoes
  A warg (Orc:1)
  6 water moccasins
  6 orc warriors
  A sky beast (D:7)
  A black bear (D:5)
  7 ogres
  A wolf (Lair:5)
  3 centaurs
  A kobold brigand (D:8)
  10 bullfrogs
  9 scorpions
  A gnoll sergeant (D:11)
  A wight (D:9)
  3 killer bees (D:8)
  2 howler monkeys
  An electric eel (Lair:5)
  6 orc priests
  5 hounds
  3 gnoll boudas
  4 sleepcaps
  Jessica (D:3)
  4 hell rats (Lair:1)
  Ijyb (D:3)
  2 iguanas
  12 orc wizards
  5 adders
  12 gnolls
  7 river rats (Lair:1)
  A white imp (D:6)
  3 ufetubi
  3 worms
  3 dart slugs
  30 orcs
  4 ball pythons
  6 endoplasms
  3 giant cockroaches
  3 goblins
  4 hobgoblins
  2 jackals (D:4)
  13 kobolds
  3 quokkas
  4 bats
  3 frilled lizards
  8 rats
346 creatures vanquished.

Vanquished Creatures (collateral kills)
  Donald (Orc:2)
  An ettin (Orc:2)
  A hydra (D:14)
  A centaur warrior (D:14)
  A death knight (D:14)
  4 death yaks
  An orc high priest (Orc:1)
  4 nameless horrors
  A sixfirhy (D:14)
  A goliath frog (Lair:5)
  An orc knight (Orc:2)
  A lindwurm (Lair:5)
  A phantasmal warrior (D:14)
  An ugly thing (Gauntlet)
  An oklob plant (Lair:5)
  An orc sorcerer (Orc:1)
  A rust devil (D:14)
  7 elephants
  2 cane toads
  A kobold demonologist (D:12)
  5 komodo dragons
  An ice devil (D:14)
  A troll (Orc:2)
  A wind drake (Lair:1)
  A tyrant leech (Lair:5)
  6 blink frogs
  15 dream sheep (Lair:4)
  5 slime creatures
  A vampire (D:10)
  6 yaks
  A fire bat (Gauntlet)
  A wraith (D:13)
  A basilisk (Lair:2)
  A vampire mosquito (D:12)
  A neqoxec (D:14)
  A warg (Orc:2)
  4 water moccasins
  A black bear (Lair:1)
  3 orc warriors
  2 wolves
  An ogre (Orc:2)
  2 kobold brigands
  2 bullfrogs
  A killer bee (D:9)
  A jelly (shapeshifter) (D:9)
  7 jellies (Lair:2)
  2 orc priests (Orc:1)
  4 orc wizards
  4 gnolls
  A river rat (Lair:1)
  A worm (Lair:2)
  15 orcs
  3 endoplasms (Lair:2)
  6 kobolds
141 creatures vanquished.

Vanquished Creatures (others)
  4 ogre magi (Orc:2)
  The ghost of Aneyh the Impaler, a journeyman TeMo of Hepliaklqana (D:10)
  15 two-headed ogres
  9 death yaks
  2 tengu warriors
  A nameless horror (Lair:3)
  An orc sorcerer (Orc:2)
  2 manticores
  2 cyclopes (D:12)
  An elephant (Lair:3)
  7 cane toads
  A torpor snail (Lair:2)
  A freezing wraith (D:14)
  A komodo dragon (Lair:1)
  An ice devil (D:14)
  A tyrant leech (Lair:5)
  A polar bear (Lair:2)
  2 trolls
  A blink frog (Lair:3)
  4 dream sheep (Lair:4)
  2 wraiths
  18 yaks
  2 wyverns
  2 vampire mosquitoes
  A warg (Orc:2)
  4 water moccasins
  2 orc warriors
  2 black bears
  20 ogres (Orc:2)
  A centaur (D:9)
  2 kobold brigands
  A bullfrog (Lair:1)
  2 scorpions (Lair:2)
  3 wights (D:9)
  5 killer bees
  A jelly (shapeshifter) (D:9)
  3 jellies (Lair:2)
  2 gnolls
  A worm (Lair:2)
  5 orcs
  4 endoplasms (Lair:2)
  5 kobolds
  25 starspawn tentacles
171 creatures vanquished.

Grand Total: 658 creatures vanquished

Notes
Turn   | Place    | Note
-------+----------+-------------------------------------------
     0 | D:5      | croobank the Spriggan Delver began the quest for the Orb.
     0 | D:5      | Reached XP level 1. HP: 11/11 MP: 2/2
    10 | D:6      | Found a snail-covered altar of Cheibriados.
    15 | D:6      | Noticed a sleepcap
    73 | D:5      | Found an iron altar of Okawaru.
    77 | D:5      | Noticed a hound
    84 | D:5      | Found Lifoc's Jewellery Shop.
   108 | D:5      | Killed a hound
   109 | D:5      | Reached XP level 2. HP: 7/16 MP: 3/3
   109 | D:5      | Reached XP level 3. HP: 8/19 MP: 4/4
   163 | D:4      | Found a basalt altar of Yredelemnul.
   235 | D:3      | Found a radiant altar of Vehumet.
   237 | D:3      | Identified the +5 dagger of Light {venom, rC+}
   768 | D:1      | Found a faded altar of an unknown god.
   807 | D:1      | Prayed at the altar of an unknown god.
   807 | D:1      | Became a worshipper of Lugonu the Unformed
   807 | D:1      | Reached * piety under Lugonu
  1457 | D:2      | Reached XP level 4. HP: 23/23 MP: 5/5
  1917 | D:3      | Noticed Ijyb
  1919 | D:3      | Killed Ijyb
  1920 | D:3      | Reached skill level 8 in Stealth
  1948 | D:3      | Found a sparkling altar of Nemelex Xobeh.
  1956 | D:3      | Found a runed translucent gate.
  1956 | D:3      | Found a runed translucent gate.
  1956 | D:3      | Found a runed translucent gate.
  1966 | D:3      | Noticed knightboat's ghost (amateur OpVM)
  1967 | D:3      | Noticed DApurpleWHUMPUS's ghost (amateur HuCj)
  1967 | D:3      | Noticed bahustanut's ghost (amateur OpEE)
  1996 | D:3      | Noticed Jessica
  2003 | D:3      | Killed Jessica
  2004 | D:3      | Reached XP level 5. HP: 28/28 MP: 6/6
  2185 | D:3      | Learned a level 1 spell: Summon Small Mammal
  2410 | D:3      | Reached skill level 1 in Spellcasting
  2498 | D:3      | Found a hazy altar of Hepliaklqana.
  2644 | D:4      | Reached ** piety under Lugonu
  2650 | D:4      | Found a stormy altar of Qazlal.
  2651 | D:4      | Noticed a water elemental
  2869 | D:4      | Found a bloodstained altar of Trog.
  2945 | D:4      | Noticed a fire elemental
  2947 | D:4      | Noticed an air elemental
  3007 | D:4      | Found a blossoming altar of Fedhas.
  3011 | D:4      | Found an ancient bone altar of Kikubaaqudgha.
  3099 | D:4      | Found a burning altar of Makhleb.
  3178 | D:5      | Noticed an ogre
  3221 | D:5      | Killed an ogre
  3222 | D:5      | Reached skill level 1 in Summonings
  3222 | D:5      | Reached XP level 6. HP: 27/32 MP: 7/10
  3479 | D:5      | Reached XP level 7. HP: 36/36 MP: 12/12
  3510 | D:5      | Reached skill level 5 in Dodging
  3691 | D:5      | Reached skill level 9 in Stealth
  4487 | D:6      | Noticed Jeremiah
  4652 | D:7      | Noticed a wraith
  4655 | D:7      | Killed a wraith
  4656 | D:7      | Reached XP level 8. HP: 24/42 MP: 15/15
  4681 | D:7      | Found a staircase to the Ecumenical Temple.
  4697 | Temple   | Entered the Ecumenical Temple
  5141 | D:6      | Reached skill level 5 in Spellcasting
  5578 | D:6      | Reached skill level 5 in Short Blades
  6192 | D:7      | Reached *** piety under Lugonu
  6352 | D:7      | Reached skill level 10 in Stealth
  6810 | D:7      | Found Sehunk's Vocational Training.
  6901 | D:7      | Found a broken altar of Ashenzari.
  6947 | D:7      | Reached XP level 9. HP: 46/46 MP: 19/19
  6951 | D:7      | Learned a level 3 spell: Call Canine Familiar
  6955 | D:7      | Learned a level 3 spell: Summon Guardian Golem
  8693 | D:8      | Found a shimmering blue altar of Sif Muna.
  8830 | D:8      | Reached skill level 5 in Summonings
  9197 | D:8      | Reached skill level 5 in Fighting
  9252 | D:8      | Reached **** piety under Lugonu
  9531 | D:9      | Found a shimmering altar of Xom.
  9536 | D:9      | Reached skill level 11 in Stealth
  9536 | D:9      | Reached XP level 10. HP: 51/51 MP: 22/22
  9551 | D:9      | Found a shimmering altar of Xom.
  9875 | D:9      | Noticed a two-headed ogre
  9882 | D:9      | Killed a two-headed ogre
 10209 | D:9      | Found a shimmering altar of Xom.
 10215 | D:9      | Found a shimmering altar of Xom.
 10216 | D:9      | Found a shimmering altar of Xom.
 10217 | D:9      | Found a shimmering altar of Xom.
 10438 | D:9      | Found a shadowy altar of Dithmenos.
 10950 | D:10     | Entered Level 10 of the Dungeon
 11547 | D:10     | Noticed a two-headed ogre
 11571 | D:10     | Killed a two-headed ogre
 11630 | D:10     | Found a runed translucent door.
 11630 | D:10     | Noticed Aneyh's ghost (journeyman TeMo)
 11672 | D:10     | Killed Aneyh's ghost
 11807 | D:10     | Noticed a two-headed ogre
 11827 | D:10     | Killed a two-headed ogre
 11828 | D:10     | Reached XP level 11. HP: 54/56 MP: 15/25
 11988 | D:10     | Learned a level 2 spell: Scorch
 12297 | D:7      | Reached skill level 12 in Stealth
 12431 | D:6      | HP: 1/56 [Jeremiah/divine providence (17)]
 12733 | D:6      | Killed Jeremiah
 13431 | D:11     | Noticed a boulder beetle
 13444 | D:11     | Noticed a two-headed ogre
 13452 | D:11     | Killed a boulder beetle
 13624 | D:11     | Noticed a two-headed ogre
 13679 | D:10     | Reached skill level 1 in Hexes
 13917 | D:11     | Killed a two-headed ogre
 13918 | D:11     | Reached skill level 10 in Spellcasting
 13941 | D:11     | Killed a two-headed ogre
 13942 | D:11     | Reached skill level 1 in Fire Magic
 14021 | D:11     | Noticed a death yak
 14026 | D:11     | Noticed a death yak
 14034 | D:11     | Noticed a death yak
 14055 | D:11     | Found a staircase to the Orcish Mines.
 14311 | D:11     | Found a portal to a secret trove of treasure.
 14324 | D:11     | Found a staircase to the Lair.
 14625 | D:11     | Noticed a death yak
 14625 | D:11     | Noticed a death yak
 14626 | D:11     | Noticed a death yak
 14634 | D:11     | Noticed a death yak
 14635 | D:11     | Noticed a death yak
 14681 | D:11     | Killed a death yak
 14685 | D:11     | Killed a death yak
 14690 | D:11     | Killed a death yak
 14691 | D:11     | Reached skill level 1 in Invocations
 14700 | D:11     | Killed a death yak
 14700 | D:11     | Killed a death yak
 14707 | D:11     | Killed a death yak
 14746 | D:11     | Killed a death yak
 14747 | D:11     | Reached XP level 12. HP: 62/62 MP: 7/27
 14755 | D:11     | Killed a death yak
 15105 | D:12     | Reached ***** piety under Lugonu
 15693 | D:12     | Noticed a boulder beetle
 15751 | D:12     | Killed a boulder beetle
 15752 | D:12     | Reached skill level 13 in Stealth
 16095 | D:12     | Noticed a tengu warrior
 16109 | D:12     | Killed a tengu warrior
 16406 | Lair:1   | Entered Level 1 of the Lair of Beasts
 16580 | D:5      | Bought the ring of Kibef {rPois Dex+6 Stlth+} for 500 gold
                  | pieces
 16775 | Lair:1   | Reached skill level 10 in Dodging
 16936 | Lair:1   | Learned a level 6 spell: Summon Cactus Giant
 17429 | Lair:1   | Found a bloodstained altar of Trog.
 17429 | Lair:1   | Noticed lunkers's ghost (novice MeSh)
 17430 | Lair:1   | Found a transporter.
 17596 | Lair:1   | Found a transporter.
 17601 | Lair:1   | Found the ring of the Tortoise {AC+8}
 18528 | Lair:1   | Upgraded the game from 0.31-a0-819-gf6de2f5ab6 to
                  | 0.31-a0-833-gc15d34cb79
 18552 | Lair:1   | Noticed a nameless horror
 18559 | Lair:1   | Killed a nameless horror
 18906 | Lair:2   | Found a staircase to the Shoals.
 18941 | Lair:2   | Noticed a six-headed hydra
 18985 | Lair:2   | Killed a five-headed hydra
 19187 | Lair:2   | Noticed Erica
 19195 | Lair:2   | Killed Erica
 19196 | Lair:2   | Reached XP level 13. HP: 67/67 MP: 30/30
 19236 | Lair:2   | Found a hole to the Spider Nest.
 19493 | Lair:2   | Reached skill level 5 in Hexes
 20166 | Lair:3   | Noticed Gastronok
 20181 | Lair:3   | Killed Gastronok
 20183 | Lair:3   | Found a gate leading to a gauntlet.
 20205 | Gauntlet | Entered a Gauntlet
 20205 | Gauntlet | Found a large runed translucent door.
 20205 | Gauntlet | Found a large runed translucent door.
 20205 | Gauntlet | Found a large runed translucent door.
 20205 | Gauntlet | Found a large runed translucent door.
 20205 | Gauntlet | Found a large runed translucent door.
 20205 | Gauntlet | Found a large runed translucent door.
 20205 | Gauntlet | Found a large runed translucent door.
 20205 | Gauntlet | Found a large runed translucent door.
 20205 | Gauntlet | Found a runed translucent door.
 20205 | Gauntlet | Found a runed translucent gate.
 20205 | Gauntlet | Found a transporter.
 20205 | Gauntlet | Found a transporter.
 20205 | Gauntlet | Found a runed translucent gate.
 20205 | Gauntlet | Found a transporter.
 20205 | Gauntlet | Found a transporter.
 20226 | Gauntlet | Found a transporter.
 20236 | Gauntlet | Found a transporter.
 20240 | Gauntlet | Found a transporter.
 20250 | Gauntlet | Found a transporter.
 20283 | Gauntlet | Found a transporter.
 20304 | Gauntlet | Found a transporter.
 20308 | Gauntlet | Found a transporter.
 20318 | Gauntlet | Found a transporter.
 20324 | Gauntlet | Found a runed translucent gate.
 20325 | Gauntlet | Found a large runed translucent door.
 20325 | Gauntlet | Found a large runed translucent door.
 20326 | Gauntlet | Found a large runed translucent door.
 20327 | Gauntlet | Found a large runed translucent door.
 20328 | Gauntlet | Found a large runed translucent door.
 20328 | Gauntlet | Found a large runed translucent door.
 20328 | Gauntlet | Found a runed translucent door.
 20329 | Gauntlet | Found a large runed translucent door.
 20330 | Gauntlet | Found a large runed translucent door.
 20455 | Gauntlet | Identified a scroll of acquirement
 20456 | Gauntlet | Acquired the ring "Kaoxud" {rElec rF+ Str+6 Slay+3}
 20627 | Gauntlet | Learned a level 3 spell: Dazzling Flash
 20631 | Gauntlet | Learned a level 3 spell: Frozen Ramparts
 20815 | Gauntlet | Noticed a minotaur
 20822 | Gauntlet | Banished a minotaur
 21382 | Lair:3   | Reached skill level 14 in Stealth
 21703 | Lair:3   | Identified the +5 whip "Ufollul" {vamp, rF+}
 23772 | Lair:4   | Reached XP level 14. HP: 37/72 MP: 25/32
 23918 | Lair:4   | Found a staircase to the Slime Pits.
 24024 | Lair:4   | Reached ****** piety under Lugonu
 24025 | Lair:4   | Reached skill level 5 in Invocations
 24623 | Lair:5   | Entered Level 5 of the Lair of Beasts
 24667 | Slime:1  | Entered Level 1 of the Pits of Slime
 24667 | Slime:1  | Noticed an acid blob
 24670 | Slime:1  | Killed an acid blob
 24711 | Slime:1  | Noticed an azure jelly
 25886 | Lair:5   | Reached skill level 10 in Summonings
 26315 | Lair:5   | Reached skill level 15 in Stealth
 26324 | Lair:5   | Reached skill level 5 in Fire Magic
 26473 | Lair:5   | Reached skill level 10 in Short Blades
 29402 | D:13     | Reached XP level 15. HP: 77/77 MP: 34/34
 29773 | D:13     | Found an opulent altar of Gozag.
 30029 | Orc:1    | Entered Level 1 of the Orcish Mines
 30068 | Orc:1    | Found Viahop's Gadget Gallery.
 30275 | Orc:1    | Found a transporter.
 30470 | Orc:1    | Found a transporter.
 30876 | Orc:2    | Entered Level 2 of the Orcish Mines
 30876 | Orc:2    | Noticed Donald
 30893 | Orc:2    | Killed Donald
 31245 | Orc:2    | Found Sydigh's Antique Weapon Emporium.
 31245 | Orc:2    | Found Pif Nuke's Assorted Antiques.
 31247 | Orc:2    | Found Iteuh's Distillery.
 31247 | Orc:2    | Found Gawy's Armour Emporium.
 31256 | Orc:2    | Corrupted Orc:2
 31256 | Orc:2    | Noticed a tentacled starspawn
 31256 | Orc:2    | Noticed a tentacled starspawn
 31267 | Orc:2    | Noticed a tentacled starspawn
 31289 | Orc:2    | Noticed a tentacled starspawn
 31469 | Orc:2    | Bought a potion of experience for 850 gold pieces
 31469 | Orc:2    | Reached XP level 16. HP: 82/82 MP: 35/35
 31478 | Orc:2    | Learned a level 7 spell: Summon Hydra
 31523 | Orc:2    | Found a staircase to the Elven Halls.
 32104 | D:14     | Corrupted D:14
 32104 | D:14     | Noticed a tentacled starspawn
 32111 | D:14     | Mangled by a small abomination

Illustrated notes

Levels and vault maps discovered:
D:1:      dpeg_arrival_signposts, layout_basic, ebering_ecumenical_altar_webs
D:2:      layout_basic
D:3:      cheibrodos_pilgrimage, layout_rooms, mainiacjoe_overflow_24_doors,
          vehumet_altar_wand_db, mainiacjoe_overflow_alcove_2,
          gammafunk_ghost_cemetery, minmay_strange_pillars, uniq_ijyb,
          uniq_jessica
D:4:      layout_cave_pools, grunt_temple_overflow_growth_and_decay,
          lightli_temple_of_fire, yredelemnul_altar_generic,
          mainiacjoe_overflow_six_doors_small, nicolae_qazlal_style_of_elements,
          nicolae_eternal_life
D:5:      layout_basic, mainiacjoe_overflow_boulevard, serial_shops, shop,
          kennysheep_flooded_box
D:6:      layout_rooms, amcnicky_altar_gilded, minmay_puff, uniq_jeremiah
D:7:      layout_basic, mainiacjoe_overflow_alcove_1,
          minmay_temple_entry_statues_fountains, nicolae_shop_vocational
D:8:      layout_gridville, mainiacjoe_overflow_small_starburst
D:9:      layout_cave_pools, nicolae_overflow_hidden_temple, xom_shifter_show,
          st_stairs_7
D:10:     layout_irregular_city, serial_glass, glass_columns_a, glass_columns_b,
          glass_columns_a, glass_columns_c, glass_columns_a, glass_columns_c,
          glass_columns_b, glass_columns_a, minmay_strange_pillars,
          item_on_display_a, item_on_display_a, feat_on_display,
          gammafunk_ghost_grave
D:11:     layout_cave_pools, dpeg_lair_monsters, orc_0_dummy,
          nicolae_trove_entry_free_sample, hangedman_decor_diamond_cutter,
          chequers_mini_garden
D:12:     layout_stronghold, minmay_misc_feat_ornament
D:13:     layout_irregular_city, nicolae_gozag_seed_capital
D:14:     layout_small_grid, david_vaults_4, serial_demonic, serial_demonic_f,
          serial_demonic_g, serial_demonic_f, serial_demonic_d,
          serial_demonic_b, serial_demonic_c, kiku_gazebo_pond_becter,
          serial_shops, shop, minivault_20
Temple:   hellmonk_temple_of_storms
Lair:1:   layout_hall_layers, gammafunk_ghost_wrathful_warriors,
          kennysheep_abandoned_house
Lair:2:   lemuel_slime, layout_small_grid, minmay_shoals_entry_beasts,
          nicolae_spider_entry_non_spiders, uniq_erica
Lair:3:   layout_gridlike, gauntlet_entry_generic, minmay_holes, uniq_gastronok
Lair:4:   layout_cave_pods, slime_entry_1, beast_lair_carwin_3,
          grunt_megastairs_4
Lair:5:   minmay_lair_end_frog_pond, layout_hall_layers,
          dreamdust_gnoll_shepherd, lemuel_fruit_tree
Slime:1:  layout_caves
Orc:1:    gammafunk_beogh_shrine, layout_caves, basic_altar,
          nicolae_orc_bridge_out, nicolae_shop_gadgets
Orc:2:    st_orc_ogre_mass, layout_caves, uniq_donald

Skill      XL: |  1  2  3  4  5  6  7  8  9 10 11 12 13 14 15 16 |
---------------+-------------------------------------------------+-----
Dodging        | 3 4 5 6 7 8 9 10 11 12 | 12.3
Fighting       | 3 4 5 6 7 8 |  8.6
Short Blades   | 3 4 5 6 7 8 9 10 | 10.6
Stealth        | 8 9 10 11 12 13 14 15 | 15.7
Spellcasting   | 2 4 6 7 9 10 12 13 14 | 14.8
Summonings     | 1 3 4 5 6 7 8 9 10 11 | 11.7
Hexes          | 3 4 6 7 8 |  8.0
Fire Magic     | 2 3 4 5 |  5.6
Invocations    | 1 3 4 6 |  6.5

Action                     |  1- 3 |  4- 6 |  7- 9 | 10-12 | 13-15 | 16-18 || total
---------------------------+-------+-------+-------+-------+-------+-------++-------
  Melee: Short sword       |    26 |       |       |       |       |       ||    26
         Dagger            |    28 |    93 |   244 |   337 |   483 |    34 ||  1219
         Punch             |       |     1 |     2 |     6 |       |       ||     9
         Long sword        |       |       |       |     4 |       |       ||     4
         Scimitar          |       |       |       |       |   230 |       ||   230
   Fire: Sling             |     5 |       |     4 |       |       |       ||     9
  Throw: Boomerang         |       |     6 |    51 |     2 |       |       ||    59
         Dart              |       |       |     8 |     8 |     4 |       ||    20
         Throwing net      |       |       |     2 |     4 |       |       ||     6
   Cast: Summon Guardian G |       |       |    15 |    88 |    66 |     4 ||   173
         Call Canine Famil |       |       |     9 |    67 |    58 |     1 ||   135
         Summon Small Mamm |       |       |       |     6 |       |       ||     6
         Scorch            |       |       |       |     4 |    15 |       ||    19
         Summon Cactus Gia |       |       |       |     1 |    42 |     5 ||    48
         Frozen Ramparts   |       |       |       |       |     4 |       ||     4
         Dazzling Flash    |       |       |       |       |     1 |       ||     1
 Invoke: Banish            |       |       |       |       |     2 |       ||     2
         Corrupt           |       |       |       |       |     1 |     1 ||     2
  Evoke: Wand              |       |     2 |     5 |     7 |    10 |     1 ||    25
         Condenser vane    |       |       |       |       |       |     1 ||     1
    Use: Scroll            |       |     8 |     7 |    13 |     4 |     1 ||    33
         Potion            |       |       |     7 |     7 |     6 |     1 ||    21
   Stab: Sleeping          |    14 |     8 |    11 |    19 |    25 |       ||    77
         Distracted        |     1 |     1 |     1 |     8 |     8 |       ||    19
         Held in net/web   |       |       |       |     2 |       |       ||     2
         Invisible         |       |       |       |       |       |     2 ||     2
 Armour: Robe              |    19 |    19 |    93 |   105 |   183 |       ||   419
         Skin              |       |       |       |       |     1 |       ||     1
         Troll leather arm |       |       |       |       |    33 |    18 ||    51
  Dodge: Dodged            |    38 |    66 |   176 |   305 |   694 |    60 ||  1339
  Block: Buckler           |       |       |       |       |   159 |     8 ||   167

Table legend: (Time is in decaauts)
 A = Elapsed time spent in this place.
 B = Non-inter-level travel time spent in this place.
 C = Inter-level travel time spent in this place.
 D = Time resting spent in this place.
 E = Time spent auto-exploring this place.
 F = Levels seen in this place.
 G = Mean time per level.
                   A        B        C        D        E       F      G
               +--------+--------+--------+--------+--------+-----+--------+
         Total |  25118 |  23842 |   1276 |   8766 |   8719 |  24 | 1046.6 |
       Dungeon |  13895 |  13037 |    858 |   5047 |   4735 |  14 |  992.5 |
        Temple |    378 |    378 |      0 |    336 |      0 |   1 |  378.0 |
          Lair |   9074 |   8714 |    360 |   3154 |   3284 |   5 | 1814.8 |
    Slime Pits |     34 |     34 |      0 |      0 |      0 |   1 |   34.0 |
  Orcish Mines |   1194 |   1137 |     57 |     43 |    650 |   2 |  597.0 |
      Gauntlet |    540 |    540 |      0 |    186 |     48 |   1 |  540.0 |
               +--------+--------+--------+--------+--------+-----+--------+

Top non-repeatable levels by time:
  Lair:4: 2775 daAuts
    D:10: 1967 daAuts
  Lair:5: 1754 daAuts
  Lair:1: 1683 daAuts
  Lair:2: 1616 daAuts
     D:5: 1591 daAuts
     D:7: 1556 daAuts
     D:8: 1401 daAuts
     D:9: 1374 daAuts
    D:11: 1328 daAuts
  Lair:3: 1244 daAuts
    D:12: 966 daAuts
     D:6: 675 daAuts
     D:2: 673 daAuts
   Orc:1: 626 daAuts
